 Dungeon Crawl Stone Soup version 0.21-a0-404-g291f19a (webtiles) character file.

863 Coron the Ducker (level 7, -3/62 HPs)
             Began as a White Draconian Monk on Nov 1, 2017.
             Was a Believer of Ru.
             Slain by a two-headed ogre
             ... wielding a +0 giant club
              (20 damage)
             ... on level 6 of the Dungeon.
             The game lasted 00:16:50 (5670 turns).

Coron the Ducker (White Draconian Monk)             Turns: 5670, Time: 00:16:50

Health: -3/62      AC:  8    Str: 15    XL:     7   Next: 72%
Magic:  7/7        EV: 15    Int: 11    God:    Ru [**....]
Gold:   204        SH:  0    Dex: 13    Spells: 6/6 levels left

rFire    . . .     SeeInvis .   C - +0 war axe
rCold    + . .     Gourm    +   (no shield)
rNeg     . . .     Faith    .   (armour unavailable)
rPois    .         Spirit   .   (helmet restricted)
rElec    .         Reflect  .   c - +0 cloak
rCorr    .         Harm     .   (no gloves)
MR       .....     Rnd*Tele +   d - +0 pair of boots
Stlth    ++........             v - amulet of the gourmand
HPRegen  0.00/turn              r - ring of flight
MPRegen  0.10/turn              u - ring of teleportation (curse)

@: short of breath
A: breathe frost, unfitting armour, cold resistance 1, inhibited regeneration,
cold-blooded, hated by all, AC +6
a: Breathe Frost, Renounce Religion, Evoke Flight


You were on level 6 of the Dungeon.
You worshipped Ru.
Ru was pleased with you.
You were not hungry.

You visited 1 branch of the dungeon, and saw 6 of its levels.

You collected 204 gold pieces.

Inventory:

Hand Weapons
 a - a +0 hand axe
 C - a +0 war axe (weapon)
Armour
 c - a +0 cloak (worn)
 d - a +0 pair of boots (worn)
 B - a scarf of cloud immunity
Jewellery
 r - a ring of flight (left hand)
 u - a cursed ring of teleportation (right hand)
 v - an amulet of the gourmand (around neck)
 y - an uncursed ring of ice
Wands
 E - a wand of clouds (1/9)
Scrolls
 h - 4 scrolls of identify
 i - a scroll of blinking
 j - a scroll of fear
 l - a scroll of noise {unknown}
 m - a scroll of magic mapping
 n - a scroll of enchant weapon {unknown}
 o - a scroll of recharging
 w - a scroll of teleportation
 A - a scroll of amnesia {unknown}
 G - a scroll of remove curse {unknown}
Potions
 e - a potion of cancellation {unknown}
 f - a potion of berserk rage
 k - 2 potions of heal wounds
 s - 2 potions of curing
 x - a potion of flight {unknown}
 z - a potion of might {unknown}
 D - a potion of agility {unknown}
Books
 p - a book of Misfortune

   Spells                             Type                      Level
   a - Confusing Touch                Hexes                        1
   b - Confuse                        Hexes                        3
   c - Gell's Gravitas                Translocation                3
   d - Petrify                        Transmutation/Earth          4
   e - Metabolic Englaciation         Hexes/Ice                    5
   f - Yara's Violent Unravelling     Hexes/Transmutation          5
Comestibles
 b - 5 bread rations
 g - 2 meat rations
 q - 5 royal jellies
 t - a fruit


   Skills:
 + Level 5.7 Fighting
 - Level 5.2 Axes
 + Level 5.9 Dodging
 - Level 3.0 Stealth


You had 6 spell levels left.
You didn't know any spells.

Dungeon Overview and Level Annotations

Branches:
Dungeon (6/15)
 Temple: D:4-7

Altars:
Ashenzari
Hepliaklqana
Makhleb
Qazlal
Ru
Sif Muna
Trog
Uskayaw
Yredelemnul
Zin


Innate Abilities, Weirdness & Mutations

You can breathe waves of freezing cold.
You can buffet flying creatures when you breathe cold.
Your icy white scales are hard. (AC +6)
You cannot fit into any form of body armour.
Your flesh is cold resistant. (rC+)
You do not regenerate when monsters are visible.
You are cold-blooded and may be slowed by cold attacks.
You are hated by all.


Message History

The two-headed ogre hits you with a giant spiked club!
You feel much better. The gnoll barely misses you. The gnoll misses you.
Okay, then.
Okay, then.
Press: ? - help, Shift-Dir - straight line, f - two-headed ogre
Aim: a two-headed ogre, wielding a giant club and a giant spiked club You exhale a wave of freezing cold.
The freezing breath hits the two-headed ogre.
The two-headed ogre is lightly wounded.
The freezing breath hits the gnoll.
The gnoll is heavily wounded.
You feel somewhat more hungry. The two-headed ogre barely misses you.
The two-headed ogre hits you with a giant spiked club!!
The gnoll misses you.
You hit the two-headed ogre.
The two-headed ogre is moderately wounded.
The gnoll hits you from afar with a spear!
* * * LOW HITPOINT WARNING * * *
The two-headed ogre hits you with a giant club!!
You die...

#..<...##....##....##.....
#......+.....##....##.....
#......#.....##....##.....
#......#.....)#........<..
##....#########...........
##...O###....##........g..
#......#..................
#......#.)............>...
#......gO@................
#.....##......_...........
#.....######.......##.....
####'###...........##.....
♣.♣ #.[..........#.....
###♣♣.♣♣#..[.........#.....
#.'.._..'.###'##.....#....[
#.#♣♣.♣♣#.....##....##.....
#.# ♣.♣ #......#....#######


You could see a two-headed ogre and a gnoll.

Vanquished Creatures
  A hornet (D:6)
  A centaur (D:5)
  2 bullfrogs (D:6)
  2 crimson imps (D:5)
  A gnoll shaman (D:6)
  2 orc priests (D:4)
  An iguana (D:4)
  2 worker ants
  A worker ant zombie (D:5)
  3 adders
  7 gnolls
  2 shadow imps
  An ooze (D:2)
  A worm (D:4)
  2 dart slugs (D:1)
  2 leopard geckos
  6 orcs
  5 giant cockroaches
  6 goblins
  8 hobgoblins
  13 jackals
  6 kobolds
  6 quokkas
  A ball python (D:5)
  9 bats
  7 frilled lizards
  A leopard gecko skeleton (D:5)
  A quokka skeleton (D:5)
  5 rats
105 creatures vanquished.

Notes
Turn   | Place    | Note
-------+----------+-------------------------------------------
     0 | D:1      | Coron the Draconian Monk began the quest for the Orb.
     0 | D:1      | Reached XP level 1. HP: 19/19 MP: 1/1
   219 | D:1      | Reached XP level 2. HP: 23/26 MP: 2/2
   830 | D:2      | Reached XP level 3. HP: 31/31 MP: 3/3
   934 | D:2      | Found a shattered altar of Ashenzari.
   938 | D:2      | Saw a vision of the Shoals and the Spider Nest.
   938 | D:2      | Noticed a wolf spider
   938 | D:2      | Noticed a redback
   938 | D:2      | Noticed a wolf spider
   938 | D:2      | Noticed a wolf spider
   938 | D:2      | Noticed a redback
   938 | D:2      | Noticed a merfolk
   938 | D:2      | Noticed a wolf spider
   938 | D:2      | Noticed a wolf spider
   939 | D:2      | Noticed a wolf spider
   939 | D:2      | Noticed a wolf spider
   941 | D:2      | Noticed a merfolk siren
  1420 | D:2      | Reached XP level 4. HP: 25/40 MP: 4/4
  2168 | D:3      | Found a stormy altar of Qazlal.
  2309 | D:3      | Found a glowing silver altar of Zin.
  2309 | D:3      | Found a bloodstained altar of Trog.
  2309 | D:3      | Found a sacrificial altar of Ru.
  2309 | D:3      | Found a hide-covered altar of Uskayaw.
  2331 | D:3      | Found a shattered altar of Ashenzari.
  2331 | D:3      | Found a stormy altar of Qazlal.
  2355 | D:3      | Became a worshipper of Ru the Awakened
  2365 | D:3      | Gained mutation: You are hated by all. [Ru sacrifice]
  2365 | D:3      | Reached * piety under Ru
  2523 | D:3      | Reached XP level 5. HP: 29/46 MP: 5/5
  3008 | D:4      | Found a deep blue altar of Sif Muna.
  4287 | D:5      | Entered Level 5 of the Dungeon
  4452 | D:5      | Reached XP level 6. HP: 51/52 MP: 6/6
  4692 | D:5      | Reached skill level 5 in Axes
  4695 | D:5      | Gained mutation: You do not regenerate when monsters are visible. [Ru sacrifice]
  4695 | D:5      | Reached ** piety under Ru
  4938 | D:6      | Found a burning altar of Makhleb.
  4945 | D:6      | Found a basalt altar of Yredelemnul.
  4951 | D:6      | Reached skill level 5 in Dodging
  4954 | D:6      | Noticed a two-headed ogre
  5029 | D:6      | Noticed a hornet
  5068 | D:6      | Your scales start taking on an icy white colour.
  5068 | D:6      | Reached XP level 7. HP: 37/60 MP: 7/7
  5068 | D:6      | Gained mutation: Your flesh is cold resistant. (rC+) [White Draconian growth]
  5112 | D:6      | Killed a hornet
  5112 | D:6      | Reached skill level 5 in Fighting
  5411 | D:6      | Found a hazy altar of Hepliaklqana.
  5670 | D:6      | Slain by a two-headed ogre

Vault maps used:
D:1:      roderic_dead_forest, kennysheep_flooded_box, minmay_tripent
D:2:      first_bread, grunt_ashenzari_visionary
D:3:      minmay_overflow_temple_hex, grunt_qazlal_clouds
D:4:      old_standard_altar
D:6:      kennysheep_little_box, marbit_many_paths, basic_altar

Skill      XL: |  1  2  3  4  5  6  7 |
---------------+----------------------+-----
Stealth        | 2 3 |  3.0
Dodging        | 3 4 5 |  5.9
Fighting       | 4 5 |  5.7
Axes           | 4 5 |  5.2

Action                   |  1- 3 |  4- 6 |  7- 9 || total
-------------------------+-------+-------+-------++-------
Melee: Hand axe          |   100 |   189 |       ||   289
       Tailslap          |     9 |    28 |     5 ||    42
       War axe           |       |    75 |    42 ||   117
Invok: Sacrifice Love    |       |     1 |       ||     1
       Sacrifice Purity  |       |     1 |       ||     1
 Abil: Breathe Frost     |       |       |     1 ||     1
  Use: Scroll            |       |     6 |     1 ||     7
       Potion            |       |     1 |     2 ||     3
 Stab: Sleeping          |     5 |    10 |       ||    15
       Distracted        |       |     1 |       ||     1
  Eat: Chunk             |     2 |    11 |     6 ||    19
Armor: Skin              |    34 |    66 |     8 ||   108
Dodge: Dodged            |    93 |   198 |    46 ||   337

Table legend:
 A = Spawn XP
 B = Non-spawn XP
 C = Spawn XP percentage of total XP
 D = Spawn monster count
 E = Non-spawn monster count
 F = Spawn count percentage of total count
 G = Total turns spent on level
                    A         B        C        D         E        F      G
               +---------+---------+-------+---------+---------+-------+---------
         Total |       0 |    1234 |   0.0 |       0 |     105 |   0.0 |  5670
               +---------+---------+-------+---------+---------+-------+---------
           D:1 |       0 |      46 |   0.0 |       0 |      20 |   0.0 |   906
           D:2 |       0 |     107 |   0.0 |       0 |      26 |   0.0 |  1049
           D:3 |       0 |      58 |   0.0 |       0 |      19 |   0.0 |   801
           D:4 |       0 |     140 |   0.0 |       0 |      13 |   0.0 |  1531
           D:5 |       0 |     305 |   0.0 |       0 |      14 |   0.0 |  1026
           D:6 |       0 |     578 |   0.0 |       0 |      13 |   0.0 |   357
               +---------+---------+-------+---------+---------+-------+---------
